 Dungeon Crawl Stone Soup version 0.31-a0-344-gd109795599 (webtiles) character file.

Game seed: 9102061329126372077

1196 LustLizard the Ruffian (level 8, -9/54 HPs)
             Began as an Octopode Shapeshifter on July 21, 2023.
             Was a Believer of Wu Jian.
             Mangled by an ice beast (14 damage)
             ... on level 6 of the Dungeon.
             The game lasted 00:10:39 (5237 turns).

LustLizard the Ruffian (Octopode Shapeshifter)      Turns: 5237, Time: 00:10:39

Health: -9/54      AC:  1    Str: 17    XL:     8   Next: 44%
Magic:  8/8        EV: 13    Int: 10    God:    Wu Jian [**....]
Gold:   203        SH:  0    Dex: 12    Spells: 7/7 levels left

rFire   . .          .
                       - Unarmed
rCold   . . .        (no shield)
rNeg    . . .        (helmet currently unavailable)
rPois   .            (no amulet)
rElec   .            (no ring)
rCorr   .            (no ring)
SInv    .            (no ring)
Will    .....        (no ring)
Stlth   ++++         (no ring)
HPRegen 0.29/turn    (no ring)
MPRegen 0.11/turn    (no ring)
                     (no ring)

%: no passive effects
@: beast-form
A: beast (slay +3), almost no armour, amphibious, 8 rings, camouflage 1,
gelatinous body 1, (nimble swimmer 1), tentacles
a: Begin Untransformation, Renounce Religion, Wall Jump


You were on level 6 of the Dungeon.
You worshipped Wu Jian.
Wu Jian was pleased with you.
You were a hulking beast.
You visited 1 branch of the dungeon, and saw 6 of its levels.

You collected 203 gold pieces.

Inventory:

Missiles
 k - 7 boomerangs
 u - 6 poisoned darts
Talismans
 b - a beast talisman
Wands
 q - a wand of quicksilver (1)
 v - a wand of mindburst (11)
Scrolls
 d - 2 scrolls of enchant weapon
 e - 2 scrolls of brand weapon
 i - a scroll of vulnerability {unknown}
 l - a scroll of blinking {unknown}
 n - 3 scrolls of teleportation
 p - a scroll of identify
 r - a scroll of enchant armour {unknown}
 s - a scroll of immolation {unknown}
 w - a scroll of torment {unknown}
 x - 2 scrolls of revelation
Potions
 a - 2 potions of lignification
 c - 2 potions of resistance
 f - 3 potions of might {unknown}
 g - a potion of enlightenment {unknown}
 h - a potion of haste {unknown}
 j - 3 potions of curing
 m - 2 potions of heal wounds {unknown}
 o - a potion of mutation {unknown}
 t - a potion of degeneration {unknown}


   Skills:
 + Level 4.6 Fighting
 - Level 2.0 Dodging
 - Level 5.0 Stealth
 * Level 7.0 Unarmed Combat
 + Level 4.8 Shapeshifting


You had 7 spell levels left.
You didn't know any spells.
Your spell library contained the following spells:

 Spells                   Type           Power      Damage    Failure   Level
 Scorch                   Fire           0%         2d5       50%         2
 Flame Wave               Conj/Fire      0%         2d4       98%         4
 Summon Cactus Giant      Summ           0%         N/A       100%        6
 Chain Lightning          Conj/Air       0%         N/A       100%        9
 Fire Storm               Conj/Fire      0%         5d1       100%        9
 Shatter                  Erth           0%         3d5*      100%        9


Dungeon Overview and Level Annotations

Branches:
Dungeon (6/15)
 Temple: D:4-7

Altars:
Dithmenos
Nemelex Xobeh
Ru
Sif Muna
Trog
Wu Jian
Zin
The Shining One

Shops:
D:4 =

Annotations:
D:5 exclusions: shadow and two-headed ogre


Innate Abilities, Weirdness & Mutations

You are a hulking beast.
Your limbs bulge with bestial killing power. (Slay +3)
You cannot wear most types of armour.
You are amphibious.
You can wear up to eight rings at the same time.
Your skin changes colour to match your surroundings (Stealth+).
Your rubbery body absorbs attacks. (AC +1, EV +1)
((You are camouflaged when in or above water. (Stealth+)))
You have tentacles for arms and can constrict up to eight enemies at once.


Message History

You squeeze the iguana!
The iguana is almost dead.
You constrict the iguana. The iguana misses you.
You tentacle-slap the jelly.
Your tentacles burn!
Your squeeze misses the jelly.
The jelly is lightly wounded.
You constrict the iguana, but do no damage.
The iguana bites you. The jelly closely misses you.
You tentacle-slap the jelly.
Your tentacles burn!
You tentacle-slap the jelly. You squeeze the jelly.
The jelly is almost dead.
You constrict the iguana.
You kill the iguana!
The Council accepts your kill. The jelly closely misses you.
Your Unarmed Combat skill increases to level 7!
You bludgeon the jelly!
You kill the jelly!
The Council accepts your kill.
Found a stone staircase leading down.
You lunge at the ice beast.
You completely miss the ice beast. The ice beast hits you.
The ice beast freezes you!
You tentacle-slap the ice beast.
Your tentacle-slap misses the ice beast.
The ice beast is lightly wounded.
The ice beast closely misses you.
You bludgeon the ice beast!
The ice beast is heavily wounded.
The ice beast hits you. The ice beast freezes you!
You tentacle-slap the ice beast but do no damage.
Your squeeze misses the ice beast.
The ice beast is heavily wounded.
The ice beast hits you. The ice beast freezes you!
* * * LOW HITPOINT WARNING * * *
You bludgeon the ice beast!
The ice beast is almost dead.
The ice beast hits you.
* * * LOW HITPOINT WARNING * * *
The ice beast freezes you!
You die...

.. ##.# # #..# .#
###.#####.## #
#.<........#
..#.##.....<.##
....##.........
...##...........
........#.h.....##
..........Y.....#
........#.......#
........####.#)##
.>#. ....# # ##
##.... .... .#


You could see an ice beast.

Vanquished Creatures
  Menkaure (D:6)
  An ice beast (D:5)
  2 black bears (D:5)
  An ogre (D:5)
  3 scorpions
  A jelly (D:6)
  A hound (D:5)
  2 orc priests
  3 iguanas
  3 orc wizards
  A scorpion zombie (D:2)
  A sleepcap (D:5)
  2 hound zombies (D:2)
  A hound skeleton (D:2)
  5 adders
  3 gnolls (D:4)
  2 ufetubi
  2 adder skeletons (D:2)
  2 worms
  2 dart slugs
  8 orcs
  7 ball pythons
  6 bats
  A bat skeleton (D:2)
  A bat zombie (D:2)
  7 endoplasms
  2 giant cockroaches
  2 goblins
  5 hobgoblins
  4 kobolds
  A ball python zombie (D:2)
  3 frilled lizards
  A giant cockroach zombie (D:2)
  A jackal skeleton (D:2)
  10 rats
98 creatures vanquished.

Notes
Turn   | Place    | Note
-------+----------+-------------------------------------------
     0 | D:1      | LustLizard the Octopode Shapeshifter began the quest for
                  | the Orb.
     0 | D:1      | Reached XP level 1. HP: 13/13 MP: 1/1
   407 | D:1      | Reached XP level 2. HP: 18/18 MP: 2/2
   559 | D:1      | Reached skill level 1 in Stealth
   855 | D:2      | Reached XP level 3. HP: 22/23 MP: 3/3
   889 | D:2      | Reached XP level 4. HP: 12/29 MP: 4/4
  1010 | D:2      | Reached skill level 4 in Unarmed Combat
  1983 | D:3      | Reached XP level 5. HP: 34/34 MP: 5/5
  2148 | D:3      | Found a glowing golden altar of the Shining One.
  2195 | D:3      | Found a faded altar of an unknown god.
  2203 | D:3      | Prayed at the altar of an unknown god.
  2203 | D:3      | Became a worshipper of the Wu Jian Council
  2203 | D:3      | Reached * piety under Wu Jian
  2620 | D:3      | Reached XP level 6. HP: 12/41 MP: 6/6
  2814 | D:4      | Found a glowing silver altar of Zin.
  2935 | D:4      | Found Dywn's Jewellery Shop.
  3227 | D:4      | Reached skill level 5 in Unarmed Combat
  3876 | D:5      | Entered Level 5 of the Dungeon
  3893 | D:5      | Reached XP level 7. HP: 32/46 MP: 7/7
  3956 | D:5      | Reached ** piety under Wu Jian
  4015 | D:5      | Noticed a two-headed ogre
  4042 | D:5      | Found a sparkling altar of Nemelex Xobeh.
  4042 | D:5      | Found a sacrificial altar of Ru.
  4043 | D:5      | Found a shimmering blue altar of Sif Muna.
  4109 | D:5      | Found a bloodstained altar of Trog.
  4137 | D:5      | Reached skill level 5 in Stealth
  4137 | D:5      | Reached skill level 6 in Unarmed Combat
  4333 | D:5      | Found a shadowy altar of Dithmenos.
  4342 | D:5      | Reached XP level 8. HP: 51/54 MP: 8/8
  4903 | D:5      | Noticed a shadow
  4987 | D:6      | Noticed Menkaure
  4993 | D:6      | Killed Menkaure
  5229 | D:6      | Reached skill level 7 in Unarmed Combat
  5237 | D:6      | Mangled by an ice beast

Illustrated notes

Levels and vault maps discovered:
D:1:      ncdulo_watergridlock, layout_loops_corners
D:2:      minmay_skewed_foursquare, layout_loops_corners, serial_undead,
          serial_undead_f, serial_undead_a, serial_undead_d, serial_undead_a,
          serial_undead_c, serial_undead_b
D:3:      layout_rooms, mainiacjoe_overflow_brackets,
          ebering_ecumenical_altar_webs
D:4:      layout_basic, mainiacjoe_overflow_concentric_impassable, serial_shops,
          nicolae_square_shop, kennysheep_nondescript
D:5:      kennysheep_big_flooded_room, layout_loops_cross, trog_ov_bears_minmay,
          nicolae_dithmenos_through_a_glass_darkly,
          gammafunk_temple_overflow_forgotten, nicolae_sextant
D:6:      layout_rooms, xom_teletrap_fun, kennysheep_mini, temple_green,
          minmay_strange_pillars, hangedman_abyss_or_decor_passed,
          uniq_prince_ribbit1, uniq_menkaure, uniq_eustachio

Skill      XL: |  1  2  3  4  5  6  7  8 |
---------------+-------------------------+-----
Stealth        | 1 2 3 4 5 |  5.0
Fighting       | 2 3 4 |  4.6
Unarmed Combat | 4 5 6 7 |  7.0
Shapeshifting  | 4 |  4.8
Dodging        | |  2.0

Action                     |  1- 3 |  4- 6 |  7- 9 || total
---------------------------+-------+-------+-------++-------
  Melee: Unarmed           |    35 |   125 |    51 ||   211
         Tentacles         |    11 |    22 |    11 ||    44
         Constrict         |    10 |    32 |    14 ||    56
         Punch             |     1 |     3 |     6 ||    10
  Throw: Boomerang         |       |     3 |       ||     3
Ability: Lunge             |       |     8 |    10 ||    18
         Whirlwind         |       |     1 |     1 ||     2
    Use: Scroll            |     1 |     5 |       ||     6
   Stab: Sleeping          |     1 |    15 |     3 ||    19
         Distracted        |       |     1 |       ||     1
 Armour: Skin              |     2 |     8 |       ||    10
  Dodge: Dodged            |    22 |    35 |    21 ||    78

Table legend: (Time is in decaauts)
 A = Elapsed time spent in this place.
 B = Non-inter-level travel time spent in this place.
 C = Inter-level travel time spent in this place.
 D = Time resting spent in this place.
 E = Time spent auto-exploring this place.
 F = Levels seen in this place.
 G = Mean time per level.
                   A        B        C        D        E       F      G
               +--------+--------+--------+--------+--------+-----+--------+
         Total |   5224 |   4859 |    365 |    481 |   3500 |   6 |  870.7 |
       Dungeon |   5224 |   4859 |    365 |    481 |   3500 |   6 |  870.7 |
               +--------+--------+--------+--------+--------+-----+--------+

Top non-repeatable levels by time:
     D:4: 1200 daAuts
     D:5: 1193 daAuts
     D:2: 1134 daAuts
     D:3: 831 daAuts
     D:1: 829 daAuts
     D:6: 35 daAuts
